cohdb
Replays
Latest Replays
All Replays
Popular Replays
Top Player Replays
Match Explorer
How It Works
Community
CoH3 Stats
Reddit
Sign in to upload your games and track your stats! →
Sign in with Steam
Match 41304580
Unlisted
Match 41304580
Overview
Messages
Build Orders
End
Kettenkrad Recon Vehicle
Construct Infanterie Kompanie
Grenadier Squad
Selects Luftwaffe Battlegroup
Selects Luftwaffe Pioneer Support
Grenadier Squad
Grenadier Squad
MG 42 Machine Gun Team
Construct Luftwaffe Kompanie
Flak 30 Anti-aircraft Gun Team
Medical Station
Selects Reconnaissance Run
Selects Fallschirmjäger Squad Paradrop
Flak 30 Anti-aircraft Gun Team
Jopjahh
Malenkiy_Apelsin
0
0
Comments
sign in to comment!
No comments posted yet!